[Event "Catalan Youth-ch 2020"]
[Site "Salou"]
[Date "2020.09.06"]
[Round "2.5"]
[White "Casares Bonals, Ainhoa"]
[Black "Martin Barcelo, Carles"]
[Result "1/2-1/2"]
[ECO "C03"]
[WhiteElo "1800"]
[BlackElo "2202"]
[Annotator "ChessBase"]
[PlyCount "126"]
[EventDate "2020.09.07"]
[EventType "swiss"]
[EventCountry "ESP"]
[SourceTitle "playchess.com"]
[Source "ChessBase"]
[SourceQuality "1"]
[TimeControl "5400+30"]

1. e4 e6 2. d4 d5 3. Nd2 Be7 4. Bd3 c5 5. dxc5 Nf6 6. exd5 Qxd5 7. Ngf3 Nbd7 8. O-O O-O 9. Qe2 Nxc5 10. Bc4 Qh5 11. b3 a6 12. a4 Nd5 13. Bxd5 Qxd5 14. Bb2 Qf5 15. Nc4 Bd7 16. Rfd1 Rad8 17. Ne3 Qe4 18. Rd4 Qc6 19. Rg4 f6 20. Rd4 e5 21. Rdd1 Be6 22. h4 Ne4 23. Qe1 b6 24. Rac1 Bc5 25. c4 h5 26. Nd2 Bb4 27. Nd5 Bxd5 28. cxd5 Qxd5 29. Qxe4 Bxd2 30. Qxd5+ Rxd5 31. Rc6 Rfd8 32. Rxb6 a5 33. Rb5 Rd3 34. Ba3 Kf7 35. Kf1 Kg6 36. Bc5 e4 37. Ke2 R8d5 38. Be3 Rxb5 39. axb5 Rxb3 40. Rxd2 Rxb5 41. Rd4 Kf5 42. Ra4 Rb3 43. Rxa5+ Kg4 44. g3 f5 45. Ra6 Rb2+ 46. Bd2 f4 47. Rg6+ Kh3 48. Rxg7 e3 49. fxe3 fxg3 50. Kf3 Rxd2 51. Rxg3+ Kxh4 52. Rg1 Rd8 53. Rh1+ Kg5 54. Rg1+ Kf6 55. Kf4 Rd2 56. Rh1 Rf2+ 57. Kg3 Rf5 58. e4 Rg5+ 59. Kf3 Rb5 60. Kf4 Rg5 61. Rh4 Ra5 62. Rh1 Rg5 63. Rh4 Ra5 1/2-1/2

[Event "Catalan Youth-ch 2020"]
[Site "Salou"]
[Date "2020.09.06"]
[Round "2.6"]
[White "Juncosa Padros, Ernest"]
[Black "Travesset Sagre, Jan"]
[Result "0-1"]
[ECO "D24"]
[WhiteElo "1796"]
[BlackElo "2093"]
[Annotator "ChessBase"]
[PlyCount "96"]
[EventDate "2020.09.07"]
[EventType "swiss"]
[EventCountry "ESP"]
[SourceTitle "playchess.com"]
[Source "ChessBase"]
[SourceQuality "1"]
[TimeControl "5400+30"]

1. d4 d5 2. c4 Bf5 3. Nf3 dxc4 4. Nc3 Nf6 5. e3 e6 6. Bxc4 Be7 7. O-O O-O 8. Re1 Nc6 9. h3 Ne4 10. Bd3 Nxc3 11. bxc3 Bxd3 12. Qxd3 Na5 13. e4 c5 14. d5 exd5 15. exd5 c4 16. Qe4 Bf6 17. Bb2 Qd6 18. Rad1 b5 19. Nd4 g6 20. Nxb5 Qb6 21. Ba3 Qxb5 22. Bxf8 Rxf8 23. d6 Bxc3 24. d7 Bf6 25. Rd5 Qb6 26. Rb1 Qc6 27. f3 Nb7 28. Rdb5 Qxe4 29. fxe4 Nc5 30. Rd1 Nxe4 31. Rb4 Nc5 32. Rxc4 Ne6 33. Kf1 a5 34. Rd5 Bd8 35. Rc8 Kg7 36. Rd6 Kf6 37. Ke2 Ke7 38. Rd2 f5 39. Kf3 Rf6 40. Ra8 Ng5+ 41. Kf4 Ne4 42. Rd5 Re6 43. g4 Nf6 44. Rdxa5 Bxa5 45. Rxa5 fxg4 46. hxg4 Re4+ 47. Kf3 Rxg4 48. Ra6 Rd4 0-1

[Event "Catalan Youth-ch 2020"]
[Site "Salou"]
[Date "2020.09.06"]
[Round "2.6"]
[White "Gil Jimenez, Ruben"]
[Black "Muntal Corrales, Arnau"]
[Result "1/2-1/2"]
[ECO "D05"]
[WhiteElo "1351"]
[BlackElo "1812"]
[Annotator "NA"]
[PlyCount "74"]
[EventDate "2020.09.07"]
[EventType "swiss"]
[EventCountry "ESP"]
[SourceTitle "playchess.com"]
[Source "ChessBase"]
[SourceQuality "1"]
[TimeControl "5400+30"]

1. d4 d5 2. Nf3 Nf6 3. e3 c5 4. b3 e6 5. Nbd2 Be7 6. Bd3 O-O 7. Ne5 Nbd7 8. Ndf3 a6 9. a4 Ne4 10. O-O f5 11. Nxd7 Bxd7 12. Bxe4 fxe4 13. Ne5 Be8 14. Bb2 Rf5 15. f3 exf3 16. Rxf3 Bh5 17. g4 Rxf3 18. Qxf3 Bg6 19. dxc5 Bxc5 20. Rf1 Qf8 21. Qxf8+ Rxf8 22. Rxf8+ Bxf8 23. Nxg6 hxg6 24. Be5 Be7 25. Kf2 Bf6 26. Bd4 Kf7 27. Ke2 Bxd4 28. exd4 e5 29. Kd3 e4+ 30. Ke3 Ke6 31. c4 Kd6 32. h4 b6 33. Kf4 Kc6 34. Ke3 b5 35. axb5+ axb5 36. cxd5+ Kxd5 37. g5 b4 1/2-1/2

[Event "Catalan Youth-ch 2020"]
[Site "Salou"]
[Date "2020.09.06"]
[Round "2.7"]
[White "Roca Planas, Edgar"]
[Black "Marabajan Navas, Saul"]
[Result "1-0"]
[ECO "B31"]
[WhiteElo "2059"]
[BlackElo "1803"]
[Annotator "ChessBase"]
[PlyCount "31"]
[EventDate "2020.09.07"]
[EventType "swiss"]
[EventCountry "ESP"]
[SourceTitle "playchess.com"]
[Source "ChessBase"]
[SourceQuality "1"]
[TimeControl "5400+30"]

1. e4 c5 2. Nf3 Nc6 3. Bb5 g6 4. Bxc6 dxc6 5. d3 Bg7 6. h3 e5 7. a4 Qe7 8. a5 Nf6 9. Be3 Nd7 10. Qd2 Nf8 11. Bh6 f6 12. Qc3 Bxh6 13. Nbd2 Be6 14. O-O g5 15. Nb3 c4 16. dxc4 1-0

[Event "Catalan Youth-ch 2020"]
[Site "Salou"]
[Date "2020.09.06"]
[Round "2.7"]
[White "Prada Villagrasa, Pau Manel"]
[Black "Jordana Nagera, Pol"]
[Result "1-0"]
[ECO "A22"]
[WhiteElo "1573"]
[BlackElo "1229"]
[Annotator "NA"]
[PlyCount "59"]
[EventDate "2020.09.07"]
[EventType "swiss"]
[EventCountry "ESP"]
[SourceTitle "playchess.com"]
[Source "ChessBase"]
[SourceQuality "1"]
[TimeControl "5400+30"]

1. c4 e5 2. Nc3 Nf6 3. e4 Bc5 4. d3 d6 5. h3 h6 6. Nf3 O-O 7. Be2 Nc6 8. O-O Re8 9. Nd5 Nxd5 10. cxd5 Nd4 11. Nxd4 Bxd4 12. Bg4 Qh4 13. Bxc8 Raxc8 14. Kh1 f6 15. f4 c6 16. Qb3 Kh8 17. Qxb7 cxd5 18. Qxd5 Rc2 19. Qa5 Qg3 20. Bd2 Rec8 21. Rf3 Qh4 22. Be1 Qh5 23. Bc3 Qg6 24. g4 h5 25. Qa4 hxg4 26. Rg3 Re2 27. Qd7 Qe8 28. Qxg4 Qg8 29. Qxe2 exf4 30. Rg4 1-0

[Event "Catalan Youth-ch 2020"]
[Site "Salou"]
[Date "2020.09.06"]
[Round "2.8"]
[White "Pueyo Amoros, Pau"]
[Black "Alcala Gonzalez, Cesar"]
[Result "0-1"]
[ECO "D23"]
[WhiteElo "1784"]
[BlackElo "2026"]
[Annotator "ChessBase"]
[PlyCount "30"]
[EventDate "2020.09.07"]
[EventType "swiss"]
[EventCountry "ESP"]
[SourceTitle "playchess.com"]
[Source "ChessBase"]
[SourceQuality "1"]
[TimeControl "5400+30"]

1. d4 d5 2. c4 c6 3. Nf3 Nf6 4. Qc2 dxc4 5. Qxc4 Bf5 6. Nc3 e6 7. Bg5 Be7 8. e3 Qb6 9. b3 Qa5 10. Rc1 b5 11. Qe2 Ba3 12. Bxf6 Bxc1 13. Bxg7 Qxc3+ 14. Kd1 Qa1 15. e4 Bb2+ 0-1

[Event "Catalan Youth-ch 2020"]
[Site "Salou"]
[Date "2020.09.06"]
[Round "2.8"]
[White "Roure Sola, Oriol"]
[Black "Uber Garcia, Hugo"]
[Result "1/2-1/2"]
[ECO "C01"]
[WhiteElo "1160"]
[BlackElo "1521"]
[Annotator "NA"]
[PlyCount "89"]
[EventDate "2020.09.07"]
[EventType "swiss"]
[EventCountry "ESP"]
[SourceTitle "playchess.com"]
[Source "ChessBase"]
[SourceQuality "1"]
[TimeControl "5400+30"]

1. e4 e6 2. d4 d5 3. exd5 exd5 4. Nf3 Bg4 5. Bd3 Nf6 6. O-O Be7 7. Re1 O-O 8. Bg5 Nc6 9. c3 Re8 10. Nbd2 Nh5 11. Bxe7 Rxe7 12. Qc2 h6 13. Rxe7 Qxe7 14. Re1 Qd7 15. Ne5 Nxe5 16. Rxe5 Re8 17. Rxe8+ Qxe8 18. h3 Bd7 19. Nf3 Nf4 20. Bf5 f6 21. Bxd7 Qxd7 22. Qb3 b6 23. Qa3 a5 24. Qb3 Qf7 25. Ne1 Qe8 26. Qd1 Qe4 27. Kf1 Kf7 28. Qc2 Qe8 29. Nf3 Qb5+ 30. Kg1 Ne2+ 31. Kh2 Nf4 32. g3 Ng6 33. b3 Qc6 34. Qd3 Qd7 35. Qc2 Ne7 36. c4 c6 37. a3 Qd6 38. c5 Qb8 39. b4 axb4 40. axb4 Qb7 41. Qa4 Kf8 42. h4 Kf7 43. Kg2 Nf5 44. Kh3 Ne7 45. Kg2 1/2-1/2

[Event "Catalan Youth-ch 2020"]
[Site "Salou"]
[Date "2020.09.06"]
[Round "3.1"]
[White "Saguillo Gonzalez, Oriol"]
[Black "Masague Artero, Guerau"]
[Result "1-0"]
[ECO "B06"]
[WhiteElo "2124"]
[BlackElo "2320"]
[Annotator "ChessBase"]
[PlyCount "97"]
[EventDate "2020.09.07"]
[EventType "swiss"]
[EventCountry "ESP"]
[SourceTitle "playchess.com"]
[Source "ChessBase"]
[SourceQuality "1"]
[TimeControl "5400+30"]

1. e4 g6 2. d4 Nf6 3. e5 Nh5 4. Bc4 d5 5. Be2 c5 6. c3 Nc6 7. h3 Bf5 8. Nf3 Be4 9. O-O Bxf3 10. Bxf3 e6 11. Bxh5 gxh5 12. Be3 Qb6 13. b4 cxd4 14. cxd4 Bxb4 15. Nd2 Bxd2 16. Qxd2 O-O-O 17. a4 Qb4 18. Qd1 Rd7 19. Rb1 Qa3 20. Ra1 Qb4 21. Rb1 Qa5 22. Rb5 Qa6 23. Bg5 Kb8 24. h4 h6 25. Bf6 Rg8 26. f3 Rc7 27. Rf2 Na5 28. Ra2 Rc4 29. Rab2 Nc6 30. Rxb7+ Qxb7 31. Rxb7+ Kxb7 32. Qb1+ Ka8 33. Qh7 Rb8 34. Kh2 Nxd4 35. Qxh6 Rc2 36. Qxh5 Nf5 37. Qxf7 Ne3 38. Qxe6 Rxg2+ 39. Kh3 Rb1 40. Qc8+ Rb8 41. Qc6+ Rb7 42. Qc8+ Rb8 43. Qc6+ Rb7 44. e6 Rf2 45. e7 Rxf3+ 46. Kh2 Ng4+ 47. Kg2 Nxf6 48. Kxf3 a5 49. Qxf6 1-0

[Event "Catalan Youth-ch 2020"]
[Site "Salou"]
[Date "2020.09.06"]
[Round "3.1"]
[White "Boix Redorta, Roc"]
[Black "Bernado Lopez, Roger"]
[Result "1/2-1/2"]
[ECO "B21"]
[WhiteElo "1745"]
[BlackElo "2155"]
[Annotator "ChessBase"]
[PlyCount "81"]
[EventDate "2020.09.07"]
[EventType "swiss"]
[EventCountry "ESP"]
[SourceTitle "playchess.com"]
[Source "ChessBase"]
[SourceQuality "1"]
[TimeControl "5400+30"]

1. e4 c5 2. d4 cxd4 3. c3 Nf6 4. Bd3 dxc3 5. Nxc3 Nc6 6. Nf3 d6 7. O-O Bg4 8. h3 Bh5 9. Bf4 e6 10. Bb5 Be7 11. Qa4 O-O 12. Bxc6 bxc6 13. Qxc6 Qa5 14. Bxd6 Rac8 15. Qb5 Qxb5 16. Nxb5 Bxd6 17. Nxd6 Rc2 18. b3 Bg6 19. e5 Nd5 20. Rfc1 Nb4 21. Rxc2 Nxc2 22. Rc1 h6 23. Ne1 Nd4 24. Rc7 Ra8 25. Nf3 Nxf3+ 26. gxf3 a5 27. a3 Rb8 28. Rb7 Ra8 29. Kg2 f6 30. f4 Bc2 31. Kf3 Ra6 32. Ne8 fxe5 33. fxe5 Rc6 34. Kg4 Rc3 35. Nxg7 Bxb3 36. Ne8 Bd1+ 37. Kh4 Rxa3 38. Nf6+ Kf8 39. Rb8+ Kf7 40. Ng4 Bxg4 41. hxg4 1/2-1/2

[Event "Catalan Youth-ch 2020"]
[Site "Salou"]
[Date "2020.09.06"]
[Round "3.2"]
[White "Castillo Dalmau, Albert"]
[Black "Alvarez Albiol, Victor"]
[Result "0-1"]
[ECO "A49"]
[WhiteElo "2204"]
[BlackElo "2123"]
[Annotator "ChessBase"]
[PlyCount "110"]
[EventDate "2020.09.07"]
[EventType "swiss"]
[EventCountry "ESP"]
[SourceTitle "playchess.com"]
[Source "ChessBase"]
[SourceQuality "1"]
[TimeControl "5400+30"]

1. Nf3 Nf6 2. g3 g6 3. Bg2 Bg7 4. O-O O-O 5. d4 d6 6. a4 a5 7. c3 c6 8. Re1 Nbd7 9. Na3 Qc7 10. e4 e5 11. dxe5 dxe5 12. Nc4 Nc5 13. Qc2 Re8 14. Be3 Be6 15. Nfxe5 Nfxe4 16. Bf4 g5 17. Bxe4 Nxe4 18. Qxe4 gxf4 19. Nd3 Bd5 20. Qxe8+ Rxe8 21. Rxe8+ Bf8 22. Nce5 f6 23. c4 Be4 24. Nxf4 Bf5 25. Ned3 Qf7 26. Rae1 Qxc4 27. R1e3 Qxa4 28. Rb8 Qd1+ 29. Kg2 b5 30. Re1 Qc2 31. Ree8 Bxd3 32. Rxf8+ Kg7 33. Ne6+ Kg6 34. Nf4+ Kf5 35. Rbe8 Be4+ 36. Kh3 Qd1 37. Rxe4 Kxe4 38. Rxf6 Qf1+ 39. Kg4 Qd1+ 40. Kg5 Qd8 41. Nh5 a4 42. Kh6 Qd2+ 43. Kxh7 Qxb2 44. g4 a3 45. g5 a2 46. g6 a1=Q 47. Rf4+ Kd5 48. g7 Qc2+ 49. Kh6 Qg1 50. Nf6+ Ke6 51. Rg4 Qxh2+ 52. Nh5 Qh7+ 53. Kxh7 Qxh5+ 54. Kg8 Qxg4 55. Kf8 Qxg7+ 0-1

[Event "Catalan Youth-ch 2020"]
[Site "Salou"]
[Date "2020.09.06"]
[Round "3.2"]
[White "Ano Pla, Gerard"]
[Black "Ribera Veganzones, Serni"]
[Result "0-1"]
[ECO "A80"]
[WhiteElo "1993"]
[BlackElo "1902"]
[Annotator "NA"]
[PlyCount "106"]
[EventDate "2020.09.07"]
[EventType "swiss"]
[EventCountry "ESP"]
[SourceTitle "playchess.com"]
[Source "ChessBase"]
[SourceQuality "1"]
[TimeControl "5400+30"]

1. d4 f5 2. Nc3 Nf6 3. Bg5 d5 4. e3 e6 5. Nf3 Be7 6. Bd3 O-O 7. O-O Ne4 8. Bxe7 Qxe7 9. Ne5 Nd7 10. Nxd7 Bxd7 11. Nxe4 fxe4 12. Be2 Rae8 13. c4 c6 14. f4 exf3 15. Bxf3 dxc4 16. Qe2 b5 17. a4 a6 18. axb5 axb5 19. Ra7 Ra8 20. Rfa1 Rxa7 21. Rxa7 Qd6 22. Be4 g6 23. h4 Be8 24. h5 e5 25. hxg6 Bxg6 26. Qg4 exd4 27. Bxg6 Qxg6 28. Qxd4 Qf6 29. Qg4+ Kh8 30. Qe4 Qf1+ 31. Kh2 Qf5 32. Qd4+ Qf6 33. Qxf6+ Rxf6 34. Kg3 Kg8 35. e4 Rf7 36. Ra6 Rc7 37. Rb6 Kf7 38. Kf4 Ke6 39. Rb8 Rd7 40. Rc8 Rd2 41. Rxc6+ Kd7 42. Rh6 Rxg2 43. Rxh7+ Kc6 44. e5 Rxb2 45. Rh6+ Kc5 46. Ke3 c3 47. Kd3 b4 48. e6 Kd6 49. Rh1 c2 50. Kd2 Rb1 51. e7 Rxh1 52. e8=Q c1=Q+ 53. Kd3 Qc3+ 0-1

[Event "Catalan Youth-ch 2020"]
[Site "Salou"]
[Date "2020.09.06"]
[Round "3.3"]
[White "Garcia Escoda, Marc"]
[Black "Sole Pijuan, Ferran"]
[Result "1/2-1/2"]
[ECO "C50"]
[WhiteElo "2054"]
[BlackElo "2127"]
[Annotator "NA"]
[PlyCount "136"]
[EventDate "2020.09.07"]
[EventType "swiss"]
[EventCountry "ESP"]
[SourceTitle "playchess.com"]
[Source "ChessBase"]
[SourceQuality "1"]
[TimeControl "5400+30"]

1. e4 e5 2. Nf3 Nc6 3. Bc4 Bc5 4. Nc3 Nf6 5. d3 a6 6. Be3 Bxe3 7. fxe3 d6 8. a4 O-O 9. O-O Ng4 10. Qe1 Kh8 11. h3 Nh6 12. Nh4 Ne7 13. Qg3 c6 14. Bb3 f6 15. Kh1 Bd7 16. a5 Qc7 17. Qf2 Rad8 18. Qd2 Bc8 19. Na4 d5 20. exd5 cxd5 21. Nb6 e4 22. Nxc8 Qxc8 23. g4 Nf7 24. dxe4 dxe4 25. Qb4 Nd6 26. Rad1 Nc6 27. Qc5 Qc7 28. Qh5 Ne5 29. Rd5 Ndf7 30. Qf5 Rxd5 31. Bxd5 Qd7 32. Bxe4 Qxf5 33. Nxf5 g6 34. Ng3 Nd6 35. Rd1 Nxe4 36. Nxe4 Kg7 37. Nc5 Rf7 38. b4 Re7 39. e4 h5 40. gxh5 gxh5 41. Rd6 Nc6 42. c3 Kg6 43. Rd7 Rxd7 44. Nxd7 f5 45. exf5+ Kxf5 46. Nc5 Nd8 47. Kg2 Ke5 48. Kf3 Kd5 49. Ke3 Kc4 50. Kd2 Kb5 51. Kd3 b6 52. axb6 Kxb6 53. Kc4 h4 54. Nd7+ Kc7 55. Ne5 Ne6 56. Ng6 Kc6 57. Nxh4 Ng5 58. Nf5 Nxh3 59. Nd4+ Kb6 60. Ne6 Nf2 61. Nc5 Ng4 62. Nxa6 Kxa6 63. Kc5 Ne5 64. b5+ Kb7 65. Kb4 Kb6 66. c4 Nd3+ 67. Kc3 Nc5 68. Kb4 Nd3+ 1/2-1/2

[Event "Catalan Youth-ch 2020"]
[Site "Salou"]
[Date "2020.09.06"]
[Round "3.3"]
[White "Rodriguez Gonzalez, Gerard"]
[Black "Garcia Caro, Juan Alberto"]
[Result "1-0"]
[ECO "B26"]
[WhiteElo "1714"]
[BlackElo "1933"]
[Annotator "NA"]
[PlyCount "85"]
[EventDate "2020.09.07"]
[EventType "swiss"]
[EventCountry "ESP"]
[SourceTitle "playchess.com"]
[Source "ChessBase"]
[SourceQuality "1"]
[TimeControl "5400+30"]

1. e4 c5 2. Nc3 e6 3. g3 Nc6 4. Bg2 g6 5. d3 Bg7 6. Be3 Nd4 7. Qd2 Rb8 8. Nd1 d6 9. c3 Nc6 10. Ne2 Bd7 11. O-O Nge7 12. d4 cxd4 13. Nxd4 Ne5 14. Bh6 O-O 15. Bxg7 Kxg7 16. Ne3 f5 17. exf5 gxf5 18. Rad1 N5g6 19. Ne2 Nc8 20. Rfe1 f4 21. gxf4 Nxf4 22. Nxf4 Rxf4 23. Nf1 Rg4 24. Ng3 Kh8 25. Re4 Rg7 26. Qh6 Rg6 27. Qh5 Qg8 28. Bh3 d5 29. Qe5+ Qg7 30. Qxb8 dxe4 31. Qxb7 Nb6 32. Qxa7 Nd5 33. c4 Nf6 34. b4 h5 35. Qb8+ Ng8 36. Qf4 e5 37. Qh4 Bxh3 38. Qxh3 Nf6 39. Kf1 Qh6 40. Qf5 Rg5 41. Qe6 h4 42. Nf5 Qh7 43. Qxf6+ 1-0

[Event "Catalan Youth-ch 2020"]
[Site "Salou"]
[Date "2020.09.06"]
[Round "3.4"]
[White "Toquero Gracia, Pau"]
[Black "Ros Alonso, Joana"]
[Result "1-0"]
[ECO "C00"]
[WhiteElo "2066"]
[BlackElo "2014"]
[Annotator "NA"]
[PlyCount "109"]
[EventDate "2020.09.07"]
[EventType "swiss"]
[EventCountry "ESP"]
[SourceTitle "playchess.com"]
[Source "ChessBase"]
[SourceQuality "1"]
[TimeControl "5400+30"]

1. Nf3 Nf6 2. d3 d5 3. Nbd2 e6 4. e4 dxe4 5. dxe4 Bc5 6. h3 Nc6 7. Bb5 Bd7 8. c3 a6 9. Ba4 b5 10. Bc2 e5 11. Qe2 O-O 12. Nf1 Be6 13. Bb3 Bc8 14. Bg5 Qe7 15. Ng3 h6 16. Be3 Na5 17. O-O Nxb3 18. axb3 Bxe3 19. Qxe3 Qe6 20. Qc5 Bb7 21. Qxc7 Bxe4 22. Nxe4 Nxe4 23. Rfe1 Nf6 24. Nd4 Qd7 25. Qxe5 Rfe8 26. Qf4 Rxe1+ 27. Rxe1 Re8 28. Re5 Rxe5 29. Qxe5 Kf8 30. Nf5 Qd1+ 31. Kh2 Qxb3 32. Qe7+ Kg8 33. Nxh6+ gxh6 34. Qxf6 Qxb2 35. Qxa6 Kg7 36. Qb6 Qb3 37. Qd4+ Kg6 38. f4 Qa4 39. Qe5 Qc4 40. f5+ Kh7 41. f6 b4 42. cxb4 Qxb4 43. Qg3 Qf8 44. h4 Kh8 45. h5 Kh7 46. Qd3+ Kh8 47. Qd7 Qb8+ 48. Kh3 Qb3+ 49. g3 Kh7 50. Qg4 Qe6 51. Qxe6 fxe6 52. Kg4 Kg8 53. Kf4 Kf8 54. Ke5 Kf7 55. g4 1-0

[Event "Catalan Youth-ch 2020"]
[Site "Salou"]
[Date "2020.09.06"]
[Round "3.4"]
[White "Salinas Tomas, Daniel"]
[Black "Clotet Mas, Dan"]
[Result "1-0"]
[ECO "E11"]
[WhiteElo "1979"]
[BlackElo "1583"]
[Annotator "NA"]
[PlyCount "87"]
[EventDate "2020.09.07"]
[EventType "swiss"]
[EventCountry "ESP"]
[SourceTitle "playchess.com"]
[Source "ChessBase"]
[SourceQuality "1"]
[TimeControl "5400+30"]

1. d4 d5 2. Nf3 Nf6 3. c4 e6 4. g3 Bb4+ 5. Bd2 a5 6. Qc2 Nc6 7. Bg2 O-O 8. O-O Bxd2 9. Nbxd2 Ne7 10. e4 c6 11. Rac1 Ng6 12. Rfd1 Re8 13. Ne5 Qe7 14. h4 Rd8 15. a3 Bd7 16. Nxd7 Rxd7 17. e5 Ne8 18. cxd5 cxd5 19. Nb3 Rc7 20. Qd2 a4 21. Nc5 b6 22. Nd3 Rac8 23. f4 Rxc1 24. Rxc1 Rxc1+ 25. Nxc1 Qc7 26. Na2 Qc4 27. Nc3 Qb3 28. Bf3 Nc7 29. Bd1 Qc4 30. Nxa4 b5 31. Nc5 b4 32. axb4 Nb5 33. Bb3 Qxd4+ 34. Qxd4 Nxd4 35. Ba4 Nf3+ 36. Kg2 Nd2 37. b3 Ne7 38. Bd7 d4 39. b5 Nd5 40. Bc6 Nb6 41. Na4 Nxa4 42. bxa4 Nc4 43. Be4 Kf8 44. a5 1-0

[Event "Catalan Youth-ch 2020"]
[Site "Salou"]
[Date "2020.09.06"]
[Round "3.5"]
[White "Travesset Sagre, Jan"]
[Black "Gonzalez Cobos, Arnau"]
[Result "1-0"]
[ECO "A09"]
[WhiteElo "2093"]
[BlackElo "2006"]
[Annotator "NA"]
[PlyCount "89"]
[EventDate "2020.09.07"]
[EventType "swiss"]
[EventCountry "ESP"]
[SourceTitle "playchess.com"]
[Source "ChessBase"]
[SourceQuality "1"]
[TimeControl "5400+30"]

1. Nf3 d5 2. c4 d4 3. e3 c5 4. exd4 cxd4 5. d3 Nc6 6. g3 e5 7. Bg2 Nf6 8. O-O Bd6 9. Na3 O-O 10. Nc2 Re8 11. Re1 Qc7 12. Rb1 a5 13. Na3 Bxa3 14. bxa3 Bf5 15. Rb5 Nd7 16. Nh4 Bg6 17. Nxg6 hxg6 18. Bd2 b6 19. h4 Nc5 20. Bg5 Ne6 21. Qf3 Rac8 22. Qe2 f6 23. Bc1 Ne7 24. a4 Nc5 25. Qd1 Qd6 26. Ba3 Rc7 27. Re2 Nc8 28. Reb2 Ree7 29. h5 f5 30. Bd5+ Kf8 31. Qd2 f4 32. hxg6 Qxg6 33. Bxc5 bxc5 34. Kg2 Red7 35. Qe2 Qg5 36. Rb1 Nd6 37. Rb8+ Ke7 38. Rh1 g6 39. Qf3 Kf6 40. Rf8+ Nf7 41. Rh7 Re7 42. Bxf7 Rxf7 43. Rfxf7+ Rxf7 44. Qc6+ Ke7 45. Qc7+ 1-0

[Event "Catalan Youth-ch 2020"]
[Site "Salou"]
[Date "2020.09.06"]
[Round "3.5"]
[White "Lambert Pont, James"]
[Black "Domene Mulyukov, Alexander"]
[Result "0-1"]
[ECO "A45"]
[WhiteElo "1574"]
[BlackElo "1931"]
[Annotator "NA"]
[PlyCount "86"]
[EventDate "2020.09.07"]
[EventType "swiss"]
[EventCountry "ESP"]
[SourceTitle "playchess.com"]
[Source "ChessBase"]
[SourceQuality "1"]
[TimeControl "5400+30"]

1. d4 Nf6 2. Bf4 g6 3. Nc3 d5 4. e3 Bg7 5. h4 c5 6. Nf3 Bg4 7. Be2 Nc6 8. Ne5 Bxe2 9. Qxe2 Qb6 10. Nb5 a6 11. Nxc6 axb5 12. Ne5 O-O 13. c3 b4 14. dxc5 Qxc5 15. Nd3 Qa5 16. Nxb4 Ne4 17. O-O e5 18. Bh2 f5 19. f3 Nd6 20. Qd2 Nc4 21. Qxd5+ Qxd5 22. Nxd5 Rfd8 23. Nc7 Ra5 24. Rfd1 Rc8 25. b4 Ra7 26. Nd5 b5 27. e4 Rca8 28. Bg3 Bh6 29. exf5 gxf5 30. Bf2 Rg7 31. Bc5 Kh8 32. Ne7 Be3+ 33. Bxe3 Nxe3 34. Rd3 f4 35. Nd5 Nxg2 36. Kf1 Nxh4 37. Nb6 Rag8 38. Re1 Nf5 39. a3 Rg1+ 40. Ke2 R8g2+ 41. Kd1 Ne3+ 42. Rdxe3 fxe3 43. Nd5 Rd2+ 0-1

[Event "Catalan Youth-ch 2020"]
[Site "Salou"]
[Date "2020.09.06"]
[Round "3.6"]
[White "Pujol Biosca, Joan"]
[Black "Roca Planas, Edgar"]
[Result "1/2-1/2"]
[ECO "B18"]
[WhiteElo "1697"]
[BlackElo "2059"]
[Annotator "NA"]
[PlyCount "143"]
[EventDate "2020.09.07"]
[EventType "swiss"]
[EventCountry "ESP"]
[SourceTitle "playchess.com"]
[Source "ChessBase"]
[SourceQuality "1"]
[TimeControl "5400+30"]

1. e4 c6 2. d4 d5 3. Nc3 dxe4 4. Nxe4 Bf5 5. Ng3 Bg6 6. Nf3 Nd7 7. Bd3 e6 8. O-O Qc7 9. c3 Ngf6 10. Re1 Bd6 11. Qc2 O-O-O 12. b4 Kb8 13. Bd2 e5 14. a4 exd4 15. cxd4 Nd5 16. Reb1 N7f6 17. Ne4 Nxe4 18. Bxe4 Rhe8 19. Bxg6 hxg6 20. Qd3 Rh8 21. g3 Rh5 22. b5 c5 23. Rc1 Qe7 24. Re1 Qd7 25. Rac1 Nf6 26. dxc5 Rxc5 27. Rxc5 Bxc5 28. Bf4+ Ka8 29. Qxd7 Rxd7 30. Ne5 Re7 31. Rc1 b6 32. Nd3 Nd7 33. Nxc5 Nxc5 34. Bd6 Re4 35. Bxc5 bxc5 36. Rxc5 Rxa4 37. Rc7 Rb4 38. Rxf7 Rxb5 39. Rxg7 Rb6 40. Re7 a5 41. Re1 a4 42. Ra1 Rb4 43. h4 Ka7 44. f4 Ka6 45. f5 gxf5 46. h5 Ka5 47. Rf1 a3 48. Rxf5+ Rb5 49. Rf3 Ka4 50. Rf4+ Ka5 51. Rf3 Ka4 52. Rf4+ Rb4 53. Rf8 Rb1+ 54. Kh2 a2 55. h6 Rh1+ 56. Kg2 Rxh6 57. Ra8+ Kb3 58. Rb8+ Kc2 59. Rc8+ Kb2 60. Rb8+ Ka1 61. g4 Rc6 62. Kh3 Rc2 63. g5 Rb2 64. Ra8 Rb3+ 65. Kh4 Kb2 66. Rxa2+ Kxa2 67. Kh5 Rg3 68. Kh6 Kb3 69. g6 Kc4 70. g7 Kd5 71. Kh7 Rh3+ 72. Kg6 1/2-1/2

[Event "Catalan Youth-ch 2020"]
[Site "Salou"]
[Date "2020.09.06"]
[Round "3.6"]
[White "Marcos Rodriguez, Raul"]
[Black "Aleksanyan Israilyan, Nicolas"]
[Result "0-1"]
[ECO "C00"]
[WhiteElo "1459"]
[BlackElo "1808"]
[Annotator "NA"]
[PlyCount "161"]
[EventDate "2020.09.07"]
[EventType "swiss"]
[EventCountry "ESP"]
[SourceTitle "playchess.com"]
[Source "ChessBase"]
[SourceQuality "1"]
[TimeControl "5400+30"]

1. e4 e6 2. Nf3 d5 3. e5 c5 4. b4 cxb4 5. d4 Nc6 6. a3 a6 7. axb4 Bxb4+ 8. c3 Be7 9. Nbd2 Bd7 10. Bd3 b5 11. O-O Na5 12. Ba3 Nc4 13. Nxc4 bxc4 14. Bc2 Bxa3 15. Rxa3 Ne7 16. Ng5 h6 17. Qh5 g6 18. Qh3 Kf8 19. Rfa1 Kg7 20. Nf3 Bb5 21. Nd2 Nc6 22. f4 Ne7 23. Nf3 h5 24. Ng5 Qd7 25. Qh4 Nc6 26. Nf3 Qe7 27. Qg3 Qd7 28. Qh4 Qd8 29. Qg3 Ne7 30. Ng5 Qd7 31. Re1 Rhe8 32. Ra2 a5 33. Bb1 Ba4 34. Rf2 Bb3 35. f5 Nxf5 36. Bxf5 exf5 37. e6 Rxe6 38. Nxe6+ fxe6 39. Qe5+ Kf7 40. Ra1 a4 41. Rff1 Rc8 42. Kf2 Qc7 43. Qxc7+ Rxc7 44. Ke3 Ra7 45. h4 a3 46. Rf2 a2 47. Rb2 Kf6 48. Kf4 Rg7 49. g3 g5+ 50. hxg5+ Rxg5 51. Rh2 Rg4+ 52. Kf3 Kg6 53. Rah1 Rg5 54. Kf4 Kf6 55. Ra1 Rg4+ 56. Kf3 Kg6 57. Re2 Re4 58. Rh2 Kh6 59. Rah1 Kg6 60. Ra1 Rg4 61. Re2 Kf6 62. Rh2 Rg8 63. Kf4 Ra8 64. Rxh5 Bc2 65. Rh6+ Kf7 66. Ke5 Ra6 67. Rh7+ Ke8 68. Rb7 Bb1 69. Rb2 Kd8 70. Rb7 Rc6 71. Ra7 Rb6 72. Ra8+ Kc7 73. Rh8 Rb3 74. Kxe6 Rxc3 75. Kxd5 Rc1 76. Kc5 c3 77. Rh7+ Kd8 78. Kd6 Ke8 79. Ke6 Kf8 80. Kf6 Kg8 81. Ke6 0-1

[Event "Catalan Youth-ch 2020"]
[Site "Salou"]
[Date "2020.09.06"]
[Round "3.7"]
[White "Alcala Gonzalez, Cesar"]
[Black "Moya Nunez, Pau Salvador"]
[Result "1/2-1/2"]
[ECO "D85"]
[WhiteElo "2026"]
[BlackElo "1990"]
[Annotator "NA"]
[PlyCount "43"]
[EventDate "2020.09.07"]
[EventType "swiss"]
[EventCountry "ESP"]
[SourceTitle "playchess.com"]
[Source "ChessBase"]
[SourceQuality "1"]
[TimeControl "5400+30"]

1. d4 Nf6 2. c4 g6 3. Nc3 d5 4. cxd5 Nxd5 5. Bd2 Bg7 6. e4 Nb6 7. Be3 O-O 8. Bb5 Be6 9. d5 Bd7 10. Bxd7 N8xd7 11. Nf3 Nc4 12. Bd4 Nxb2 13. Qe2 Nc5 14. O-O Nba4 15. Bxg7 Kxg7 16. Qc4 Qd7 17. Rac1 b6 18. Ne5 Qe8 19. Nb5 f6 20. Nxc7 Qc8 21. Nf3 Qxc7 22. Ra1 1/2-1/2